 Dungeon Crawl Stone Soup version 0.27-a0-1557-g57f10a385c (webtiles) character file.

Game seed: 17195543638061895248

442 Sin92 the Slasher (level 6, -11/55 HPs)
             Began as a Minotaur Fighter on July 15, 2021.
             Killed from afar by an orc wizard (12 damage)
             ... with a puff of flame
             ... on level 5 of the Dungeon.
             The game lasted 00:04:08 (3918 turns).

Sin92 the Slasher (Minotaur Fighter)                Turns: 3918, Time: 00:04:10

Health: -11/55     AC:  9    Str: 21    XL:     6   Next: 71%
Magic:  5/5        EV:  6    Int:  5    God:
Gold:   72         SH: 10    Dex: 11    Spells: 5/5 levels left

rFire    . . .     SeeInvis .   a - +0 long sword
rCold    . . .     Faith    .   c - +0 kite shield
rNeg     . . .     Spirit   .   o - +0 chain mail
rPois    .         Reflect  .   (helmet restricted)
rElec    .         Harm     .   (no cloak)
rCorr    .         Rampage  .   (no gloves)
Will     .....                  (no boots)
Stlth    ..........             r - amulet of Tip Gafe {+Blink Regen+}
HPRegen  1.18/turn              (no ring)
MPRegen  0.09/turn              (no ring)

@: lethally poisoned (-11 -> -19)
A: horns 2, retaliatory headbutt
a: Evoke Blink


You were on level 5 of the Dungeon.
You visited 1 branch of the dungeon, and saw 5 of its levels.

You collected 207 gold pieces.
You spent 135 gold pieces at shops.

Inventory:

Hand Weapons
 a - a +0 long sword (weapon)
Armour
 b - a +0 scale mail
 c - a +0 kite shield (worn)
 o - a +0 chain mail (worn)
 p - the +2 robe of Vines {NoPotionHeal Regen+++}
   (You found it on level 4 of the Dungeon)

   Its wearer cannot be healed by potions.
   Regen:     It increases your rate of health regeneration.
Jewellery
 k - an amulet of regeneration
 r - the amulet of Tip Gafe (around neck) {+Blink Regen+}
   (You bought it in a shop on level 5 of the Dungeon)

   [amulet of regeneration]

   +Blink:    It lets you blink.
   Regen:     It increases your rate of health regeneration.
Wands
 n - a wand of paralysis (9)
Scrolls
 g - a scroll of identify
 h - a scroll of amnesia
 i - a scroll of fear {unknown}
 m - a scroll of noise
 q - a scroll of enchant armour {unknown}
 s - a scroll of summoning {unknown}
 t - a scroll of blinking {unknown}
 u - a scroll of fog {unknown}
Potions
 d - a potion of might
 e - 2 potions of brilliance
 f - a potion of resistance
 j - 2 potions of magic
 l - a potion of invisibility {unknown}


   Skills:
 + Level 4.8 Fighting
 * Level 5.4 Long Blades
 + Level 5.0 Armour
 + Level 2.9 Dodging
 + Level 4.9 Shields


You had 5 spell levels left.
You didn't know any spells.
Your spell library contained the following spells:

 Spells                   Type           Power      Damage    Failure   Level
 Animate Skeleton         Necr           0%         N/A       100%        1
 Apportation              Tloc           0%         N/A       100%        1
 Corona                   Hex            0%         N/A       100%        1
 Summon Small Mammal      Summ           0%         N/A       100%        1


Dungeon Overview and Level Annotations

Branches:
Dungeon (5/15)             Temple (0/1) D:5

Altars:
Makhleb
Ru
Trog
Yredelemnul

Shops:
D:5 **

Annotations:
D:3 3 runed translucent doors, DocClef's ghost, amateur GnDe
D:4 1 transporter, TalonThorn's ghost, amateur DsSu


Innate Abilities, Weirdness & Mutations

You have a pair of horns on your head.
You reflexively headbutt those who attack you in melee.


Message History

Unknown command.
There are monsters nearby!
You are too injured to fight recklessly!
Unknown command.
There are monsters nearby!
Found 4 gold pieces.
The orc priest hits you but does no damage.
The orc wizard hits you but does no damage.
You are poisoned.
You barely miss the orc priest. You headbutt the orc priest!
The orc priest is severely wounded.
You feel very sick.
The orc priest hits you but does no damage.
The orc wizard hits you but does no damage.
You are more poisoned.
You block the orc priest's attack.
You barely miss the orc priest.
The orc priest is severely wounded.
You feel very sick. You block the orc wizard's attack.
The orc priest hits you but does no damage.
The orc wizard hits you with a +1 dagger of venom.
You barely miss the orc priest. Your headbutt misses the orc priest.
The orc priest is heavily wounded.
You feel very sick.
The orc priest hits you but does no damage.
You block the orc wizard's attack.
You barely miss the orc priest.
The orc priest is heavily wounded.
You feel very sick.
The orc priest hits you but does no damage.
The orc wizard hits you with a +1 dagger of venom.
* * * LOW HITPOINT WARNING * * *
You are more poisoned.
The orc priest mumbles some strange prayers to Beogh against you.
Beogh smites you!
* * * LOW HITPOINT WARNING * * *
The orc wizard casts a spell at you. The puff of flame hits you!
You die...

#... ###.#$.. ##..## ##
......# #......# ##.
###.....##.....#..####..
#............. #.......
#..........# ##.......
#........# #...###..
#....o.# ##...####.
#.:.@o# ##.....###.
#....## #.......###
#..#...## #.........##
#.# ##...##............
#. ##......###....... #
##....## ###..... ##..##
##.... #..# ###.....
##.# ###....###


You could see an orc priest and an orc wizard.

Vanquished Creatures
  A phantom (D:5)
  2 hounds (D:4)
  A bullfrog skeleton (D:5)
  Natasha (thrice) (D:3)
  An orc wizard (D:5)
  2 hound skeletons
  4 gnolls (D:4)
  3 adders
  A white imp (D:5)
  An adder skeleton (D:4)
  2 dart slugs
  7 orcs
  5 ball pythons
  8 bats
  4 endoplasms
  4 giant cockroaches
  6 goblins
  4 hobgoblins
  4 quokkas
  3 frilled lizards (D:1)
  4 kobolds
  5 rats
75 creatures vanquished.

Notes
Turn   | Place    | Note
-------+----------+-------------------------------------------
     0 | D:1      | Sin92 the Minotaur Fighter began the quest for the Orb.
     0 | D:1      | Reached XP level 1. HP: 19/19 MP: 0/0
   272 | D:1      | Reached XP level 2. HP: 26/27 MP: 1/1
   614 | D:1      | Reached skill level 1 in Dodging
   621 | D:1      | Reached XP level 3. HP: 33/33 MP: 2/2
  1332 | D:3      | Found a runed translucent gate.
  1332 | D:3      | Found a runed translucent gate.
  1332 | D:3      | Found a runed translucent gate.
  1335 | D:3      | Reached XP level 4. HP: 40/40 MP: 3/3
  1447 | D:3      | Noticed DocClef's ghost (amateur GnDe)
  1615 | D:3      | Found a faded altar of an unknown god.
  1621 | D:3      | Noticed Natasha
  1628 | D:3      | Killed Natasha
  1664 | D:3      | Noticed Natasha
  1670 | D:3      | Killed Natasha
  2050 | D:3      | Noticed Natasha
  2058 | D:3      | Killed Natasha
  2059 | D:3      | Reached XP level 5. HP: 27/46 MP: 4/4
  2771 | D:4      | Found a transporter.
  2773 | D:4      | Noticed an ogre
  2773 | D:4      | Noticed TalonThorn's ghost (amateur DsSu)
  2775 | D:4      | Noticed an ogre
  2777 | D:4      | Noticed an ogre
  3093 | D:4      | Reached XP level 6. HP: 52/53 MP: 5/5
  3397 | D:4      | Found the +2 robe of Vines {NoPotionHeal Regen+++}
  3415 | D:4      | Found a sacrificial altar of Ru.
  3425 | D:4      | Found a burning altar of Makhleb.
  3427 | D:4      | Found a basalt altar of Yredelemnul.
  3428 | D:4      | Found a bloodstained altar of Trog.
  3551 | D:5      | Entered Level 5 of the Dungeon
  3594 | D:5      | Found Bieskopn's Assorted Antiques.
  3614 | D:5      | Bought a wavering emerald amulet for 135 gold pieces
  3614 | D:5      | Identified the amulet of Tip Gafe {+Blink Regen+} (You
                  | bought it in a shop on level 5 of the Dungeon)
  3667 | D:5      | Found a staircase to the Ecumenical Temple.
  3669 | D:5      | Reached skill level 5 in Long Blades
  3687 | D:5      | Reached skill level 5 in Armour
  3818 | D:5      | Found Hier's General Store.
  3918 | D:5      | HP: 1/55 [orc priest/divine providence (13)]
  3918 | D:5      | Killed from afar by an orc wizard

Illustrated notes

Levels and vault maps discovered:
D:1:      eino_arrival_cavern_e, layout_loops_cross
D:2:      layout_rooms, chequers_serial_rivers_micro_e
D:3:      layout_basic, serial_rivers, chequers_serial_rivers_micro_e,
          chequers_serial_rivers_micro_e, chequers_serial_rivers_room_b,
          chequers_serial_rivers_micro_e, chequers_serial_rivers_room_b,
          chequers_serial_rivers_marsh, hellmonk_ecumenical_altar_blasted,
          gammafunk_ghost_icy, uniq_natasha
D:4:      layout_loops_ring, minitemple, gammafunk_ghost_smash
D:5:      layout_layer_cave, minmay_temple_entry_waves, serial_rivers,
          chequers_serial_rivers_large_a, chequers_serial_rivers_small_b,
          chequers_serial_rivers_large_b, chequers_serial_rivers_small_3,
          chequers_serial_rivers_small_b, serial_shops, kennysheep_mini_moat,
          nicolae_shop_overgrown_old_shop, shop, shop, uniq_prince_ribbit1

Skill      XL: |  1  2  3  4  5  6 |
---------------+-------------------+-----
Long Blades    | 3 4 5 |  5.4
Dodging        | 1 2 |  2.9
Armour         | 4 5 |  5.0
Shields        | 4 |  4.9
Fighting       | 4 |  4.8

Action                   |  1- 3 |  4- 6 || total
-------------------------+-------+-------++-------
Melee: Long sword        |    80 |   132 ||   212
       Headbutt          |     7 |    28 ||    35
  Use: Scroll            |       |     5 ||     5
Armor: Scale mail        |    40 |    29 ||    69
       Chain mail        |       |    46 ||    46
Dodge: Dodged            |    32 |    38 ||    70
Block: Kite shield       |    43 |    58 ||   101
       Rpst.: Long sword |     8 |    14 ||    22

Table legend: (Time is in decaauts)
 A = Elapsed time spent in this place.
 B = Non-inter-level travel time spent in this place.
 C = Inter-level travel time spent in this place.
 D = Time resting spent in this place.
 E = Time spent auto-exploring this place.
 F = Levels seen in this place.
 G = Mean time per level.
                   A        B        C        D        E       F      G
               +--------+--------+--------+--------+--------+-----+--------+
         Total |   4013 |   3724 |    289 |      0 |   3027 |   5 |  802.6 |
       Dungeon |   4013 |   3724 |    289 |      0 |   3027 |   5 |  802.6 |
               +--------+--------+--------+--------+--------+-----+--------+

Top non-repeatable levels by time:
     D:3: 1538 daAuts
     D:4: 835 daAuts
     D:1: 821 daAuts
     D:2: 435 daAuts
     D:5: 383 daAuts
